TOP OF THE 1ST |
Panama City Piranhas batting - Pitching for Thunder Bay Northern Lions BC : RHP Clemente Prista
|
Pitching: RHP Clemente Prista
|
|
Batting: LHB Arturo Guzmán
|
0-0: Ball 1-0: Called Strike 1-1: Ground out 1-3 (Groundball, 23)
|
Batting: LHB Melvin Castro
|
0-0: Ball 1-0: Ball 2-0: Foul Ball, location: 2F 2-1: SINGLE (Line Drive, 89M)
|
Batting: SHB Marc Talamante
|
0-0: Ball 1-0: Fly out, F7 (Flyball, 7D)
|
Batting: RHB Jeff Bass
|
0-0: Called Strike 0-1: Ball 1-1: Swinging Strike 1-2: Foul Ball, location: 2F 1-2: Strikes out swinging
|
Top of the 1st over - 0 run(s), 1 hit(s), 0 error(s), 1 left on base; Panama City 0 - Thunder Bay 0 |
BOTTOM OF THE 1ST |
Thunder Bay Northern Lions BC batting - Pitching for Panama City Piranhas : RHP Elvin Brooks
|
Pitching: RHP Elvin Brooks
|
|
Batting: LHB Curtis Peters
|
0-0: Ball 1-0: Called Strike 1-1: Foul Ball, location: 2F 1-2: Strikes out swinging
|
Batting: RHB Bill McCarty
|
0-0: Ball 1-0: SINGLE (Groundball, 56)
|
Batting: LHB David Smith
|
0-0: Ball 1-0: Foul Ball, location: 2F 1-1: Fly out, F8 (Flyball, 8LD)
|
Batting: RHB Steve Brandon
|
0-0: DOUBLE (Flyball, 78D) Bill McCarty to third Runner from 3rd tries for Home, SAFE, no throw or cutoff
|
Batting: LHB Keith Bridges
|
0-0: Ball 1-0: Ball Passed Ball! Steve Brandon to third 2-0: Ball 3-0: Base on Balls
|
Batting: RHB Duncan Thomas
|
0-0: Called Strike 0-1: Called Strike 0-2: Ball 1-2: Fly out, F3 (Popup, 3F)
|
Bottom of the 1st over - 1 run(s), 2 hit(s), 0 error(s), 2 left on base; Panama City 0 - Thunder Bay 1 |
TOP OF THE 2ND |
Panama City Piranhas batting - Pitching for Thunder Bay Northern Lions BC : RHP Clemente Prista
|
Batting: LHB Miguel Martínez
|
0-0: Called Strike 0-1: Swinging Strike 0-2: Ball 1-2: Ball 2-2: Strikes out looking
|
Batting: SHB Theodore Buck
|
0-0: SINGLE (Line Drive, 9LS)
|
Batting: RHB Hal Romaine
|
0-0: Ball 1-0: Swinging Strike 1-1: Ball 2-1: Swinging Strike 2-2: Ball 3-2: SINGLE (Line Drive, 6MD) Theodore Buck to second
|
Batting: RHB Joel Lee
|
0-0: Swinging Strike 0-1: Called Strike 0-2: Foul Ball, location: 2F 0-2: Ball 1-2: Strikes out swinging
|
Batting: RHB Elvin Brooks
|
0-0: Swinging Strike 0-1: Swinging Strike 0-2: Ball 1-2: Strikes out looking
|
Top of the 2nd over - 0 run(s), 2 hit(s), 0 error(s), 2 left on base; Panama City 0 - Thunder Bay 1 |
BOTTOM OF THE 2ND |
Thunder Bay Northern Lions BC batting - Pitching for Panama City Piranhas : RHP Elvin Brooks
|
Batting: RHB Ramiro Rico
|
0-0: Called Strike 0-1: Ball 1-1: Ground out 6-3 (Groundball, 6M)
|
Batting: LHB Don Sullivan
|
0-0: Ball 1-0: Ball 2-0: Foul Ball, location: 2F 2-1: Ball 3-1: Fly out, F3 (Line Drive, 3)
|
Batting: SHB Clemente Prista
|
0-0: Ball 1-0: Ball 2-0: Ground out 6-3 (Groundball, 6M)
|
Bottom of the 2nd over - 0 run(s), 0 hit(s), 0 error(s), 0 left on base; Panama City 0 - Thunder Bay 1 |
TOP OF THE 3RD |
Panama City Piranhas batting - Pitching for Thunder Bay Northern Lions BC : RHP Clemente Prista
|
Batting: LHB Arturo Guzmán
|
0-0: Ball 1-0: SINGLE (Line Drive, 6D)
|
Batting: LHB Melvin Castro
|
0-0: Ball Wild Pitch! Arturo Guzmán to second 1-0: Ball 2-0: Foul Ball, location: 2F 2-1: Swinging Strike 2-2: Strikes out swinging
|
Batting: SHB Marc Talamante
|
0-0: Ball 1-0: Called Strike 1-1: Called Strike 1-2: SINGLE (Line Drive, 3D) Arturo Guzmán to third Runner from 3rd tries for Home, SAFE, throw made home Marc Talamante to second
|
Batting: RHB Jeff Bass
|
0-0: Ball 1-0: Called Strike 1-1: Called Strike 1-2: Ball 2-2: Ball 3-2: Foul Ball, location: 2F 3-2: Base on Balls
|
Batting: LHB Miguel Martínez
|
0-0: Called Strike 0-1: Foul Ball, location: 2F 0-2: Hit by Pitch Marc Talamante to third Jeff Bass to second
|
Batting: SHB Theodore Buck
|
0-0: Ball 1-0: Ball 2-0: Foul Ball, location: 2F 2-1: Ball 3-1: Swinging Strike 3-2: Fly out, F8 (Flyball, 8RM) Runner from 3rd tags up, SCORES, no throw
|
Batting: RHB Hal Romaine
|
0-0: Foul Ball, location: 2F 0-1: Ball 1-1: Ball 2-1: Ball 3-1: Swinging Strike 3-2: SINGLE (Groundball, 4) Jeff Bass to third Miguel Martínez to second Jeff Bass scores Miguel Martínez to third
|
Batting: RHB Joel Lee
|
0-0: Swinging Strike 0-1: Called Strike 0-2: Strikes out swinging
|
Top of the 3rd over - 3 run(s), 3 hit(s), 0 error(s), 2 left on base; Panama City 3 - Thunder Bay 1 |
BOTTOM OF THE 3RD |
Thunder Bay Northern Lions BC batting - Pitching for Panama City Piranhas : RHP Elvin Brooks
|
Batting: LHB Curtis Peters
|
0-0: Ball 1-0: Fly out, F9 (Flyball, 89M)
|
Batting: RHB Bill McCarty
|
0-0: Called Strike 0-1: Foul Ball, location: 2F 0-2: Ball 1-2: Ball 2-2: Strikes out swinging
|
Batting: LHB David Smith
|
0-0: Ball 1-0: Foul Ball, location: 2F 1-1: Ball 2-1: Ball 3-1: Hit by Pitch
|
Batting: RHB Steve Brandon
|
0-0: Ball 1-0: Called Strike 1-1: Ball 2-1: Ball 3-1: Called Strike 3-2: Foul Ball, location: 2F 3-2: Base on Balls David Smith to second
|
Batting: LHB Keith Bridges
|
0-0: Called Strike 0-1: Fly out, F6 (Popup, 6D)
|
Bottom of the 3rd over - 0 run(s), 0 hit(s), 0 error(s), 2 left on base; Panama City 3 - Thunder Bay 1 |
TOP OF THE 4TH |
Panama City Piranhas batting - Pitching for Thunder Bay Northern Lions BC : RHP Clemente Prista
|
Batting: RHB Elvin Brooks
|
0-0: Ball 1-0: Ball 2-0: Called Strike 2-1: Ground out 5-3 (Groundball, 5)
|
Batting: LHB Arturo Guzmán
|
0-0: Ball 1-0: Foul Ball, location: 2F 1-1: Called Strike 1-2: Ball 2-2: Strikes out swinging
|
Batting: LHB Melvin Castro
|
0-0: Ball 1-0: Foul Ball, location: 2F 1-1: Swinging Strike 1-2: Strikes out swinging
|
Top of the 4th over - 0 run(s), 0 hit(s), 0 error(s), 0 left on base; Panama City 3 - Thunder Bay 1 |
BOTTOM OF THE 4TH |
Thunder Bay Northern Lions BC batting - Pitching for Panama City Piranhas : RHP Elvin Brooks
|
Batting: RHB Duncan Thomas
|
0-0: Called Strike 0-1: Ball 1-1: SINGLE (Groundball, 56D)
|
Batting: RHB Ramiro Rico
|
0-0: Ball 1-0: Ball 2-0: Called Strike 2-1: Fly out, F9 (Flyball, 9M)
|
Batting: LHB Don Sullivan
|
0-0: Swinging Strike 0-1: Called Strike 0-2: Ball 1-2: Ball 2-2: Strikes out looking
|
Batting: SHB Clemente Prista
|
0-0: Ball 1-0: Ball 2-0: Ball 3-0: Called Strike 3-1: Foul Ball, location: 2F 3-2: Base on Balls Duncan Thomas to second
|
Batting: LHB Curtis Peters
|
0-0: Called Strike 0-1: Foul Ball, location: 2F 0-2: Ball 1-2: Foul Ball, location: 2F 1-2: Fly out, F8 (Flyball, 8LM)
|
Bottom of the 4th over - 0 run(s), 1 hit(s), 0 error(s), 2 left on base; Panama City 3 - Thunder Bay 1 |
TOP OF THE 5TH |
Panama City Piranhas batting - Pitching for Thunder Bay Northern Lions BC : RHP Clemente Prista
|
Batting: SHB Marc Talamante
|
0-0: Swinging Strike 0-1: Called Strike 0-2: Ball 1-2: Fly out, F9 (Flyball, 89XD)
|
Batting: RHB Jeff Bass
|
0-0: Ball 1-0: DOUBLE (Line Drive, 34)
|
Batting: LHB Miguel Martínez
|
0-0: Intentional Walk
|
Batting: SHB Theodore Buck
|
0-0: Called Strike 0-1: Called Strike 0-2: Ball 1-2: Ball 2-2: Ball 3-2: Foul Ball, location: 2F 3-2: Foul Ball, location: 2F 3-2: Strikes out swinging
|
Pitching: RHP Jason Mosley
|
|
Batting: RHB Hal Romaine
|
0-0: Swinging Strike 0-1: Ball 1-1: Fielders Choice at 2nd, U4 (Groundball, 4M)
|
Top of the 5th over - 0 run(s), 1 hit(s), 0 error(s), 2 left on base; Panama City 3 - Thunder Bay 1 |
BOTTOM OF THE 5TH |
Thunder Bay Northern Lions BC batting - Pitching for Panama City Piranhas : RHP Elvin Brooks
|
Batting: RHB Bill McCarty
|
0-0: Ball 1-0: Foul Ball, location: 2F 1-1: SINGLE (Flyball, 89M)
|
Batting: LHB David Smith
|
0-0: Called Strike 0-1: Ball 1-1: Called Strike 1-2: Foul Ball, location: 2F 1-2: Strikes out swinging
|
Batting: RHB Steve Brandon
|
0-0: Ball 1-0: Ball 2-0: Ball 3-0: Called Strike 3-1: Fly out, F9 (Flyball, 89D)
|
Batting: LHB Keith Bridges
|
0-0: Ball Wild Pitch! Bill McCarty to second 1-0: DOUBLE (Line Drive, 7LS) Bill McCarty scores
|
Batting: RHB Duncan Thomas
|
0-0: Ball 1-0: Ball 2-0: Ball 3-0: Swinging Strike 3-1: Fly out, F6 (Popup, 6D)
|
Bottom of the 5th over - 1 run(s), 2 hit(s), 0 error(s), 1 left on base; Panama City 3 - Thunder Bay 2 |
TOP OF THE 6TH |
Panama City Piranhas batting - Pitching for Thunder Bay Northern Lions BC : RHP Jason Mosley
|
Batting: RHB Joel Lee
|
0-0: Ball 1-0: Ground out 4-3 (Groundball, 4)
|
Batting: RHB Elvin Brooks
|
0-0: Ground out U3 (Groundball, 3S)
|
Batting: LHB Arturo Guzmán
|
0-0: Ground out 5-3 (Groundball, 5S)
|
Top of the 6th over - 0 run(s), 0 hit(s), 0 error(s), 0 left on base; Panama City 3 - Thunder Bay 2 |
BOTTOM OF THE 6TH |
Thunder Bay Northern Lions BC batting - Pitching for Panama City Piranhas : RHP Elvin Brooks
|
Batting: RHB Ramiro Rico
|
0-0: Ball 1-0: Ball 2-0: Foul Ball, location: 2F 2-1: Fly out, F2 (Popup, 2L)
|
Batting: LHB Don Sullivan
|
0-0: Foul Ball, location: 2F 0-1: Swinging Strike 0-2: Ball 1-2: Fly out, F7 (Flyball, 7LMF)
|
Pinch Hitting: LHB Arnold Cook
|
0-0: Fly out, F3 (Popup, 13S)
|
Bottom of the 6th over - 0 run(s), 0 hit(s), 0 error(s), 0 left on base; Panama City 3 - Thunder Bay 2 |
TOP OF THE 7TH |
Panama City Piranhas batting - Pitching for Thunder Bay Northern Lions BC : RHP Jason Mosley
|
Pitching: LHP Jake O'Tomalty
|
|
Batting: LHB Melvin Castro
|
0-0: Ball 1-0: Swinging Strike 1-1: Foul Ball, location: 2F 1-2: Ball 2-2: Foul Ball, location: 2F 2-2: Fly out, F4 (Popup, 34)
|
Batting: SHB Marc Talamante
|
0-0: Swinging Strike 0-1: Called Strike 0-2: Ball 1-2: Foul Ball, location: 2F 1-2: Strikes out swinging
|
Batting: RHB Jeff Bass
|
0-0: Ball 1-0: Ball 2-0: Ball 3-0: Base on Balls
|
Pinch Hitting: RHB Pete Knight
|
0-0: Fielders Choice at 2nd, U4 (Groundball, 4M)
|
Top of the 7th over - 0 run(s), 0 hit(s), 0 error(s), 1 left on base; Panama City 3 - Thunder Bay 2 |
BOTTOM OF THE 7TH |
Thunder Bay Northern Lions BC batting - Pitching for Panama City Piranhas : RHP Elvin Brooks
|
Now at 1B: Pete Knight
|
|
Batting: LHB Curtis Peters
|
0-0: Ball 1-0: Ball 2-0: Ball 3-0: Called Strike 3-1: Swinging Strike 3-2: Ground out 4-3 (Groundball, 4)
|
Batting: RHB Bill McCarty
|
0-0: Foul Ball, location: 2F 0-1: Ball 1-1: Foul Ball, location: 2F 1-2: Fly out, F9 (Flyball, 9S)
|
Batting: LHB David Smith
|
0-0: Ball 1-0: Ball 2-0: Called Strike 2-1: Foul Ball, location: 2F 2-2: Foul Ball, location: 2F 2-2: Ball 3-2: Base on Balls
|
Batting: RHB Steve Brandon
|
0-0: Ball 1-0: Ball 2-0: Called Strike 2-1: Ground out 6-3 (Groundball, 6)
|
Bottom of the 7th over - 0 run(s), 0 hit(s), 0 error(s), 1 left on base; Panama City 3 - Thunder Bay 2 |
TOP OF THE 8TH |
Panama City Piranhas batting - Pitching for Thunder Bay Northern Lions BC : LHP Jake O'Tomalty
|
Batting: SHB Theodore Buck
|
0-0: Ball 1-0: Ball 2-0: Foul Ball, location: 2F 2-1: Foul Ball, location: 2F 2-2: Foul Ball, location: 2F 2-2: Ball 3-2: Foul Ball, location: 2F 3-2: Base on Balls
|
Pinch Hitting: RHB William Hull
|
0-0: Called Strike 0-1: Foul Ball, location: 2F 0-2: Foul Ball, location: 2F 0-2: Ball 1-2: Strikes out swinging
|
Batting: RHB Joel Lee
|
0-0: Ball 1-0: Ball 2-0: Ball 3-0: Called Strike 3-1: Grounds into double play, 5-4-3 (Groundball, 5)
|
Top of the 8th over - 0 run(s), 0 hit(s), 0 error(s), 0 left on base; Panama City 3 - Thunder Bay 2 |
BOTTOM OF THE 8TH |
Thunder Bay Northern Lions BC batting - Pitching for Panama City Piranhas : RHP Lester Craft
|
Pitching: RHP Lester Craft
|
|
Now at 3B: William Hull
|
|
Now in RF: Bellchyor Lebrim
|
|
Batting: LHB Keith Bridges
|
0-0: Ball 1-0: Foul Ball, location: 2F 1-1: Swinging Strike 1-2: Strikes out swinging
|
Batting: RHB Duncan Thomas
|
0-0: Called Strike 0-1: Ball 1-1: Ball 2-1: Swinging Strike 2-2: Strikes out looking
|
Batting: RHB Ramiro Rico
|
0-0: SINGLE (Line Drive, 4D)
|
Pitching: LHP Qing-nian Gong
|
|
Now in LF: Harvey Porter
|
|
Pinch Hitting: RHB Jacob Holt
|
0-0: Ball 1-0: Foul Ball, location: 2F 1-1: SINGLE (Groundball, 34) Ramiro Rico to second Runner from 2nd tries for 3rd, SAFE, throw made to third
|
Pinch Hitting: RHB Wilbur Harris
|
0-0: Fielders Choice at 2nd, U6 (Groundball, 6M)
|
Bottom of the 8th over - 0 run(s), 2 hit(s), 0 error(s), 2 left on base; Panama City 3 - Thunder Bay 2 |
TOP OF THE 9TH |
Panama City Piranhas batting - Pitching for Thunder Bay Northern Lions BC : LHP Jake O'Tomalty
|
Pitching: RHP Benny York
|
|
Now at SS: Jacob Holt
|
|
Batting: RHB Harvey Porter
|
0-0: Fly out, F7 (Line Drive, 7M)
|
Batting: LHB Arturo Guzmán
|
0-0: Foul Ball, location: 2F 0-1: Foul Ball, location: 2F 0-2: Strikes out swinging
|
Batting: LHB Bellchyor Lebrim
|
0-0: Ball 1-0: Ball 2-0: Ground out 4-3 (Groundball, 4)
|
Top of the 9th over - 0 run(s), 0 hit(s), 0 error(s), 0 left on base; Panama City 3 - Thunder Bay 2 |
|